 Dungeon Crawl Stone Soup version 0.24.0-37-gcf1ca852f1 (webtiles) character file.

Game seed: 5803097110503939343, levelgen mode: deterministic

161 Iamsoldier the Grasshopper (level 5, 0/43 HPs)
             Began as a Gnoll Warper on Nov 25, 2019.
             Was an Initiate of Gozag.
             Slain by a slave (9 damage)
             ... led by Pikel
             ... on level 4 of the Dungeon.
             The game lasted 00:10:42 (2923 turns).

Iamsoldier the Grasshopper (Gnoll Warper)           Turns: 2923, Time: 00:10:42

Health: 0/43       AC:  6    Str: 14    XL:     5   Next: 42%
Magic:  2/12       EV: 14    Int: 16    God:    Gozag
Gold:   336        SH:  0    Dex: 14    Spells: 4/14 levels left

rFire    . . .     SeeInvis .   l - +2 short sword (freeze)
rCold    . . .     Gourm    .   (no shield)
rNeg     . . .     Faith    .   c - +3 leather armour
rPois    .         Spirit   .   (no helmet)
rElec    .         Reflect  .   (no cloak)
rCorr    .         Harm     .   (no gloves)
MR       .....                  (no boots)
Stlth    ++........             (no amulet)
HPRegen  0.14/turn              (no ring)
MPRegen  0.13/turn              (no ring)

@: berserk cooldown, slowed, very slow
A: distributed training, fangs 1, strong nose
a: Potion Petition, Call Merchant, Bribe Branch, Renounce Religion


You were on level 4 of the Dungeon.
You worshipped Gozag.
Gozag was aware of your devotion.
You were hungry.

You visited 1 branch of the dungeon, and saw 4 of its levels.

You collected 369 gold pieces.
You paid 33 gold pieces to Gozag.

Inventory:

Hand Weapons
 l - a +2 short sword of freezing (weapon)
Missiles
 e - 5 boomerangs of dispersal (quivered)
Armour
 c - a +3 leather armour (worn)
Scrolls
 a - a scroll of noise {unknown}
 g - a scroll of teleportation {unknown}
 i - a scroll of fear {unknown}
 m - a scroll of enchant armour {unknown}
 n - a scroll of identify
Potions
 h - a potion of flight {unknown}
 j - a potion of degeneration {unknown}
 k - a potion of lignification {unknown}
Comestibles
 d - 4 rations


   Skills:
 + Level 4.8 Fighting
 + Level 1.4 Short Blades
 + Level 1.4 Long Blades
 + Level 1.4 Axes
 + Level 4.8 Maces & Flails
 + Level 1.4 Polearms
 + Level 1.4 Staves
 + Level 1.4 Slings
 + Level 1.4 Bows
 + Level 1.4 Crossbows
 + Level 3.0 Throwing
 + Level 3.0 Armour
 + Level 4.8 Dodging
 + Level 1.4 Stealth
 + Level 1.4 Shields
 + Level 1.4 Unarmed Combat
 + Level 5.2 Spellcasting
 + Level 1.1 Conjurations
 + Level 1.1 Hexes
 + Level 1.1 Charms
 + Level 1.1 Summonings
 + Level 1.1 Necromancy
 + Level 5.5 Translocations
 + Level 1.1 Transmutations
 + Level 1.1 Fire Magic
 + Level 1.1 Ice Magic
 + Level 1.1 Air Magic
 + Level 1.1 Earth Magic
 + Level 1.1 Poison Magic
 + Level 1.6 Invocations
 + Level 1.4 Evocations


You had 4 spell levels left.
You knew the following spells:

 Your Spells              Type           Power        Failure   Level  Hunger
a - Shroud of Golubria    Chrm/Tloc      ##....       7%          2    #......
b - Blink                 Tloc           N/A          2%          2    #......
c - Gell's Gravitas       Tloc           ###.......   5%          3    ###....
d - Teleport Other        Tloc           ###.....     5%          3    ###....

Your spell library contained the following spells:

 Spells                   Type           Power        Failure   Level  Hunger
 Apportation              Tloc           ###...       1%          1    None
 Lesser Beckoning         Tloc           ###.......   5%          3    ###....
 Animate Skeleton         Necr           N/A          12%         1    None
 Confusing Touch          Hex            #.....       12%         1    None
 Summon Small Mammal      Summ           #...         12%         1    None
 Passage of Golubria      Tloc           N/A          19%         4    ####...


Dungeon Overview and Level Annotations

Branches:
Dungeon (4/15)             Temple (0/1) D:4

Altars:
Gozag
Hepliaklqana

Annotations:
D:4 Pikel


Innate Abilities, Weirdness & Mutations

Your experience applies equally to all skills.
You have very sharp teeth.
Your uncanny sense of smell can sniff out nearby items.


Message History

You are exhausted.
You feel yourself slow down. The slave closely misses you. Pikel misses you.
You feel better. The slave completely misses you. The slave hits you.
Pikel hits you with a +1 whip of freezing.
* * * LOW HITPOINT WARNING * * *
Pikel freezes you.
* * * LOW HITPOINT WARNING * * *
The slave hits you.
* * * LOW HITPOINT WARNING * * *
The slave closely misses you.
Casting: Gell's Gravitas (safe; 5% risk of failure)
Confirm with . or Enter, or press ? or * to list all spells.
Space distorts slightly along a thin shroud covering your body.
Your shroud bends Pikel's attack away.
The slave barely misses you. The slave completely misses you.
Pikel closely misses you.
You hit Pikel. You freeze Pikel.
Pikel is heavily wounded.
The slave completely misses you. The slave hits you!
You die...
Your body crumbles into a pile of gold.

#..........##....>..
.#...(.....#........
#.#.......#..#
#..........## $
##.........# ##.......##
##.....## ##..p##
#..p@## ##..K..##
############
#.......###...........
#........##..<........
#.........##..........
#........#..#..........
#.........#............
#..........##...........
#..........###..........


You could see Pikel and 2 slaves.

Vanquished Creatures
  A slave (D:4)
  An orc priest (D:3)
  An orc wizard (D:3)
  2 adders
  2 worms (D:2)
  4 leopard geckos
  4 orcs (D:3)
  5 bats
  A giant cockroach (D:2)
  10 goblins
  8 hobgoblins
  13 jackals
  7 kobolds
  A quokka (D:2)
  2 ball pythons
  8 rats
70 creatures vanquished.

Notes
Turn   | Place    | Note
-------+----------+-------------------------------------------
     0 | D:1      | Iamsoldier the Gnoll Warper began the quest for the Orb.
     0 | D:1      | Reached XP level 1. HP: 20/20 MP: 6/6
   311 | D:1      | Reached XP level 2. HP: 6/26 MP: 7/7
   316 | D:1      | Learned a level 2 spell: Blink
  1036 | D:2      | Reached skill level 5 in Spellcasting
  1036 | D:2      | Reached XP level 3. HP: 27/31 MP: 7/9
  1058 | D:2      | Learned a level 2 spell: Shroud of Golubria
  1062 | D:2      | Learned a level 3 spell: Gell's Gravitas
  1066 | D:2      | Learned a level 3 spell: Teleport Other
  1233 | D:2      | Found a hazy altar of Hepliaklqana.
  1375 | D:2      | Reached skill level 1 in Invocations
  1466 | D:2      | Reached skill level 1 in Short Blades
  1466 | D:2      | Reached skill level 1 in Long Blades
  1466 | D:2      | Reached skill level 1 in Axes
  1466 | D:2      | Reached skill level 1 in Polearms
  1466 | D:2      | Reached skill level 1 in Staves
  1466 | D:2      | Reached skill level 1 in Slings
  1466 | D:2      | Reached skill level 1 in Bows
  1466 | D:2      | Reached skill level 1 in Crossbows
  1466 | D:2      | Reached skill level 1 in Stealth
  1466 | D:2      | Reached skill level 1 in Shields
  1466 | D:2      | Reached skill level 1 in Unarmed Combat
  1466 | D:2      | Reached skill level 1 in Evocations
  1470 | D:2      | Reached XP level 4. HP: 38/38 MP: 9/11
  1631 | D:2      | Found an opulent altar of Gozag.
  1733 | D:2      | Became a worshipper of Gozag Ym Sagoz the Greedy
  2500 | D:3      | Reached skill level 1 in Conjurations
  2500 | D:3      | Reached skill level 1 in Hexes
  2500 | D:3      | Reached skill level 1 in Charms
  2500 | D:3      | Reached skill level 1 in Summonings
  2500 | D:3      | Reached skill level 1 in Necromancy
  2500 | D:3      | Reached skill level 1 in Transmutations
  2500 | D:3      | Reached skill level 1 in Fire Magic
  2500 | D:3      | Reached skill level 1 in Ice Magic
  2500 | D:3      | Reached skill level 1 in Air Magic
  2500 | D:3      | Reached skill level 1 in Earth Magic
  2500 | D:3      | Reached skill level 1 in Poison Magic
  2500 | D:3      | Reached XP level 5. HP: 24/43 MP: 4/12
  2789 | D:4      | Found a staircase to the Ecumenical Temple.
  2879 | D:4      | Noticed a slave
  2880 | D:4      | Noticed a slave
  2886 | D:4      | Noticed a slave
  2887 | D:4      | Noticed a slave
  2890 | D:4      | Noticed Pikel
  2911 | D:4      | Killed a slave
  2923 | D:4      | Slain by a slave

Levels and vault maps discovered:
D:1:      sevenhm_arrival_forest_fort_small_5, layout_basic, minivault_27,
          dk_noncrumbling_3
D:2:      layout_basic, overflow_temple_1_default, grunt_gozag_breadcrumbs
D:3:      layout_loops_ring, first_ration
D:4:      layout_cave_pods, minmay_temple_entry_stoned_glass, serial_shops,
          kennysheep_mini_moat, uniq_pikel

Skill      XL: |  1  2  3  4  5 |
---------------+----------------+-----
Spellcasting   | 5 |  5.2
Invocations    | 1 |  1.6
Short Blades   | 1 |  1.4
Long Blades    | 1 |  1.4
Axes           | 1 |  1.4
Polearms       | 1 |  1.4
Staves         | 1 |  1.4
Slings         | 1 |  1.4
Bows           | 1 |  1.4
Crossbows      | 1 |  1.4
Stealth        | 1 |  1.4
Shields        | 1 |  1.4
Unarmed Combat | 1 |  1.4
Evocations     | 1 |  1.4
Conjurations   | 1 |  1.1
Hexes          | 1 |  1.1
Charms         | 1 |  1.1
Summonings     | 1 |  1.1
Necromancy     | 1 |  1.1
Transmutations | 1 |  1.1
Fire Magic     | 1 |  1.1
Ice Magic      | 1 |  1.1
Air Magic      | 1 |  1.1
Earth Magic    | 1 |  1.1
Poison Magic   | 1 |  1.1
Throwing       | 3 |  3.0
Armour         | 3 |  3.0
Fighting       | |  4.8
Maces & Flails | |  4.8
Dodging        | |  4.8
Translocations | |  5.5

Action                   |  1- 3 |  4- 6 || total
-------------------------+-------+-------++-------
Melee: Mace              |   106 |    49 ||   155
       Bite              |    12 |    10 ||    22
       Short sword       |       |    56 ||    56
 Cast: Shroud of Golubri |     3 |     6 ||     9
       Gell's Gravitas   |     1 |     6 ||     7
  Use: Scroll            |     3 |       ||     3
       Potion            |       |     4 ||     4
 Stab: Sleeping          |       |     1 ||     1
  Eat: Chunk             |     2 |     1 ||     3
       Ration            |       |     1 ||     1
Armor: Leather armour    |    40 |    20 ||    60
Dodge: Dodged            |   105 |    84 ||   189
